 Dungeon Crawl Stone Soup version 0.28-a0-834-g1a73be5ee4 (webtiles) character file.

Game seed: 8941516460967870078

647 Ijustatesigmund the Skirmisher (level 7, 0/47 HPs)
             Began as a Gargoyle Fighter on Nov 11, 2021.
             Slain by an orc wizard (1 damage)
             ... on level 4 of the Dungeon.
             The game lasted 00:07:26 (4912 turns).

Ijustatesigmund the Skirmisher (Gargoyle Fighter)   Turns: 4912, Time: 00:07:26

Health: 0/47       AC: 12    Str: 20    XL:     7   Next: 52%
Magic:  7/7        EV: 14    Int: 10    God:
Gold:   103        SH:  0    Dex:  9    Spells: 3/6 levels left

rFire   . . .      SeeInvis .   a - +0 flail
rCold   . . .      Faith    .   c - +0 buckler
rNeg    + . .      Spirit   .   b - +0 scale mail
rPois   ∞          Reflect  .   o - +1 hat
rElec   +          Harm     .   (no cloak)
rCorr   .          Rampage  .   (no gloves)
Will    .....                   (no boots)
Stlth   ..........              (no amulet)
HPRegen 0.15/turn               p - +4 ring of evasion
MPRegen 0.10/turn               (no ring)

@: confused
A: sickness immunity, AC +4, negative energy resistance 1, electricity
resistance, torment resistance 1, petrification resistance
a: no special abilities


You were on level 4 of the Dungeon.
You visited 1 branch of the dungeon, and saw 4 of its levels.

You collected 103 gold pieces.

Inventory:

Hand Weapons
 a - a +0 flail (weapon)
Missiles
 d - a curare-tipped dart (quivered)
Armour
 b - a +0 scale mail (worn)
 c - a +0 buckler (worn)
 o - a +1 hat (worn)
Jewellery
 p - a +4 ring of evasion (left hand)
Scrolls
 e - 6 scrolls of identify
 h - a scroll of silence {unknown}
Potions
 g - a potion of flight


   Skills:
 + Level 6.4 Fighting
 + Level 4.4 Maces & Flails
 + Level 4.0 Armour
 + Level 1.3 Dodging
 + Level 3.8 Shields
 - Level 2.9 Conjurations


You had 3 spell levels left.
You knew the following spells:

 Your Spells              Type           Power      Damage    Failure   Level
a - Stone Arrow           Conj/Erth      4%         3d7       87%         3

Your spell library contained the following spells:

 Spells                   Type           Power      Damage    Failure   Level
 Sandblast                Erth           0%         2d4       71%         1
 Passwall                 Tmut/Erth      0%         N/A       85%         2
 Animate Dead             Necr           0%         N/A       100%        4
 Borgnjor's Vile Clutch   Necr/Erth      0%         N/A       100%        5
 Death Channel            Necr           0%         N/A       100%        6


Dungeon Overview and Level Annotations

Branches:
Dungeon (4/15)
 Temple: D:4-7

Altars:


Innate Abilities, Weirdness & Mutations

You are immune to sickness and miasma.
Your stone body is resilient. (AC +4)
You are immune to poison.
You resist negative energy. (rN+)
You are resistant to electric shocks. (rElec)
You are resistant to unholy torment.
You are immune to petrification.


Message History

The orc closely misses you.
You barely miss something.
You hear some strange, mumbled words.
A puff of flame appears from out of thin air!
The puff of flame hits you! Something hits you but does no damage.
The orc hits you but does no damage.
You closely miss something.
Something hits you but does no damage. x2
The orc hits you but does no damage.
You hear some strange, mumbled words.
You are confused.
You hit the orc.
The orc is severely wounded.
An orc wizard appears from thin air!
Reactivating autopickup.
You hear some strange, mumbled words.
A magic dart appears from out of thin air!
Deactivating autopickup; reactivate with Ctrl-A.
The magic dart hits you!
* * * LOW HITPOINT WARNING * * *
The orc misses you.
The orc wizard hits you but does no damage.
Something hits you.
* * * LOW HITPOINT WARNING * * *
You closely miss the orc wizard. The orc hits you with a +0 trident.
* * * LOW HITPOINT WARNING * * *
The orc wizard hits you but does no damage.
Something hits you but does no damage. The orc hits you but does no damage.
You miss the orc wizard.
The orc wizard hits you with a +0 dagger.
* * * LOW HITPOINT WARNING * * *
Something hits you.
* * * LOW HITPOINT WARNING * * *
The orc barely misses you.
Unknown command.
You are too confused!
Unknown command.
Okay, then.
Something hits you but does no damage. The orc hits you but does no damage.
The orc wizard hits you with a +0 dagger.
You die...

#.....#......#.......#.....#....
#.....#......#.......#.....#....
#.....# ....+.......#.....#....
+.....# #.......#.....#....
#.....# ####......#....#..#..
####+#. #.##....############# .
#...o....# #....o...# #...@{...#
#....(...# ####'#####
#.............# #.............#
#.............# #.............#
#.............# ###############


You could see an orc wizard and an orc.

Vanquished Creatures
  Sigmund (D:2)
  A black bear (D:4)
  A necrophage (D:4)
  3 orc priests
  2 orc wizards (D:4)
  A hound skeleton (D:4)
  4 adders (D:2)
  An adder skeleton (D:3)
  A worm (D:3)
  A dart slug (D:3)
  7 orcs
  7 endoplasms
  5 giant cockroaches
  9 goblins
  6 hobgoblins
  8 jackals
  3 quokkas
  15 ball pythons
  9 bats
  10 frilled lizards
  5 kobolds
  8 rats
  A bush (D:2)
109 creatures vanquished.

Vanquished Creatures (others)
  4 plants (D:2)
4 creatures vanquished.

Grand Total: 113 creatures vanquished

Notes
Turn   | Place    | Note
-------+----------+-------------------------------------------
     0 | D:1      | Ijustatesigmund the Gargoyle Fighter began the quest for
                  | the Orb.
     0 | D:1      | Reached XP level 1. HP: 14/14 MP: 1/1
   157 | D:1      | Reached XP level 2. HP: 20/20 MP: 2/2
   165 | D:1      | Reached skill level 4 in Fighting
   894 | D:1      | Found a faded altar of an unknown god.
   900 | D:1      | Reached XP level 3. HP: 24/24 MP: 3/3
  1410 | D:2      | Reached skill level 5 in Fighting
  1410 | D:2      | Reached XP level 4. HP: 28/31 MP: 4/4
  1593 | D:2      | Learned a level 3 spell: Stone Arrow
  1788 | D:2      | Noticed Sigmund
  1805 | D:2      | Killed Sigmund
  1806 | D:2      | Reached XP level 5. HP: 7/36 MP: 5/5
  1806 | D:2      | Reached XP level 6. HP: 9/41 MP: 6/6
  3414 | D:3      | Reached skill level 6 in Fighting
  4105 | D:4      | Noticed a black bear
  4109 | D:4      | Killed a black bear
  4110 | D:4      | Reached XP level 7. HP: 46/46 MP: 7/7
  4322 | D:4      | Reached skill level 1 in Dodging
  4910 | D:4      | HP: 2/47 [orc wizard (1)]
  4912 | D:4      | Slain by an orc wizard

Illustrated notes

Levels and vault maps discovered:
D:1:      minmay_arrival_up_and_down, layout_basic,
          dilly_ecumenical_altar_fadedgnrine, minivault_26, minmay_lizard_pond
D:2:      layout_loops_cross, serial_forest, infiniplex_forest_clump_large,
          infiniplex_forest_lined_room_2, infiniplex_forest_corner_2,
          infiniplex_forest_corner_1, infiniplex_forest_end_1,
          infiniplex_forest_clump_double, infiniplex_forest_lined_corner,
          infiniplex_forest_fountain, st_stairs_5, minmay_increasing_density,
          uniq_sigmund
D:3:      layout_basic
D:4:      layout_gridville

Skill      XL: |  1  2  3  4  5  6  7 |
---------------+----------------------+-----
Fighting       | 4 5 6 |  6.4
Maces & Flails | 3 4 |  4.4
Conjurations   | 2 |  2.9
Dodging        | 1 |  1.3
Armour         | 4 |  4.0
Shields        | |  3.8

Action                   |  1- 3 |  4- 6 |  7- 9 || total
-------------------------+-------+-------+-------++-------
Melee: Flail             |   130 |   224 |    81 ||   435
Throw: Dart              |       |     3 |     4 ||     7
  Use: Potion            |       |     6 |       ||     6
       Scroll            |       |     6 |     1 ||     7
Armor: Scale mail        |    93 |    96 |    46 ||   235
       Skin              |       |     7 |       ||     7
Dodge: Dodged            |    75 |   115 |    55 ||   245
Block: Buckler           |    28 |    49 |    11 ||    88

Table legend: (Time is in decaauts)
 A = Elapsed time spent in this place.
 B = Non-inter-level travel time spent in this place.
 C = Inter-level travel time spent in this place.
 D = Time resting spent in this place.
 E = Time spent auto-exploring this place.
 F = Levels seen in this place.
 G = Mean time per level.
                   A        B        C        D        E       F      G
               +--------+--------+--------+--------+--------+-----+--------+
         Total |   5020 |   4946 |     74 |   1255 |   2797 |   4 | 1255.0 |
       Dungeon |   5020 |   4946 |     74 |   1255 |   2797 |   4 | 1255.0 |
               +--------+--------+--------+--------+--------+-----+--------+

Top non-repeatable levels by time:
     D:2: 1759 daAuts
     D:3: 1241 daAuts
     D:1: 1195 daAuts
     D:4: 824 daAuts
